 Dungeon Crawl Stone Soup version 0.22.1-2-g9c5b331 (webtiles) character file.

13544 diana the Grappler (level 12, -6/92 (100) HPs)
             Began as a Ghoul Gladiator on Nov 20, 2018.
             Was a High Priest of Okawaru.
             Mangled by a four-headed hydra (10 damage)
             ... on level 1 of the Lair of Beasts.
             The game lasted 00:21:28 (12727 turns).

diana the Grappler (Ghoul Gladiator)               Turns: 12727, Time: 00:21:29

HP:   -6/92 (100)   AC: 12    Str: 23    XL:     12   Next: 7%
MP:   16/16         EV: 11    Int:  6    God:    Okawaru [*****.]
Gold: 598           SH: 12    Dex: 10    Spells: 11/11 levels left

rFire    . . .     SeeInvis .     - Unarmed
rCold    + . .     Gourm    .   F - +0 shield
rNeg     + + +     Faith    .   g - +2 ring mail {rPois}
rPois    ∞         Spirit   .   b - +0 helmet
rElec    .         Reflect  +   f - +0 cloak
rCorr    .         Harm     .   (no gloves)
MR       +....                  n - +0 pair of boots (curse)
Stlth    ..........             t - +2 amulet of reflection
HPRegen  0.00/turn              L - ring of protection from magic
MPRegen  0.15/turn              w - +3 ring of intelligence

@: rotting
A: rotting body, claws 1, carnivore, cold resistance 1, negative energy
resistance 3, inhibited regeneration, torment resistance, unbreathing
a: Heroism, Finesse, Renounce Religion


You were on level 1 of the Lair of Beasts.
You worshipped Okawaru.
Okawaru was extremely pleased with you.
You were not hungry.

You visited 3 branches of the dungeon, and saw 13 of its levels.

You collected 598 gold pieces.

Inventory:

Hand Weapons
 u - a +3 scimitar
Missiles
 c - 3 throwing nets (quivered)
Armour
 b - a +0 helmet (worn)
 f - a +0 cloak (worn)
 g - a +2 ring mail of poison resistance (worn)
 n - a cursed +0 pair of boots (worn)
 F - a +0 shield (worn)
Jewellery
 k - an uncursed ring of see invisible
 t - a +2 amulet of reflection (around neck)
 w - a +3 ring of intelligence (right claw)
 L - a ring of protection from magic (left claw)
Wands
 x - a wand of enslavement (10)
 H - a wand of flame (26)
 I - a wand of paralysis (9)
 J - a wand of digging (21)
Scrolls
 e - 2 scrolls of noise
 h - 4 scrolls of identify
 i - 5 scrolls of remove curse
 j - a scroll of teleportation
 l - a scroll of blinking
 o - a scroll of immolation
 p - 3 scrolls of amnesia
 q - 2 scrolls of fog
 r - a scroll of random uselessness
 s - a scroll of torment {unknown}
 v - 3 scrolls of fear
 y - a scroll of magic mapping
 E - a scroll of silence {unknown}
 G - a scroll of acquirement {unknown}
 K - a scroll of enchant armour {unknown}
 N - a scroll of enchant weapon {unknown}
Potions
 a - 3 potions of flight
 m - 5 potions of lignification
 z - 3 potions of curing
 A - 2 potions of haste
 B - a potion of might
 C - a potion of brilliance {unknown}
 D - a potion of mutation
 M - 2 potions of resistance {unknown}
Comestibles
 d - 25 rations


   Skills:
 - Level 7.1 Fighting
 - Level 1.7 Throwing
 + Level 5.5 Armour
 + Level 6.3 Dodging
 + Level 5.5 Shields
 - Level 14.0 Unarmed Combat
 - Level 7.2 Invocations


You had 11 spell levels left.
You didn't know any spells.
Your spell library contained the following spells:

 Spells                   Type           Power        Failure   Level  Hunger
 Summon Small Mammal      Summ           #...         95%         1    ##.....
 Call Imp                 Summ           #.......     98%         2    ###....
 Call Canine Familiar     Summ           #.......     100%        3    ####...
 Summon Guardian Golem    Hex/Summ       #.......     100%        3    ####...
 Summon Ice Beast         Ice/Summ       #.......     100%        4    #####..
 Summon Lightning Spire   Summ/Air       #.......     100%        4    #####..


Dungeon Overview and Level Annotations

Branches:
Dungeon (11/15)            Temple (1/1) D:5            Lair (1/6) D:9
    Orc (0/2) D:10

Altars:
Ashenzari
Dithmenos
Elyvilon
Fedhas
Gozag
Hepliaklqana
Kikubaaqudgha
Makhleb
Nemelex Xobeh
Okawaru
Qazlal
Ru
Sif Muna
Trog
Uskayaw
Vehumet
Wu Jian
Xom
Yredelemnul
Zin
The Shining One

Shops:
D:6 ?

Annotations:
D:6 3 runed doors, bmj180's ghost, novice TrFi
Lair:1 exclusion: oklob plant


Innate Abilities, Weirdness & Mutations

Your body is rotting away.
You thrive on raw meat.
You are immune to poison.
You have sharp fingernails.
You are carnivorous and can eat meat at any time.
Your flesh is cold resistant. (rC+)
You are immune to negative energy. (rN+++)
You do not regenerate when monsters are visible.
You are immune to unholy pain and torment.
You can survive without breathing.


Message History

The four-headed hydra misses you.
You scratch the four-headed hydra.
The four-headed hydra is heavily wounded.
You block the four-headed hydra's attack. x2
The four-headed hydra bites you! x2
You are too injured to fight recklessly!
You are too injured to fight recklessly!
You are too injured to fight recklessly!
You claw the four-headed hydra!
The four-headed hydra is severely wounded.
The four-headed hydra bites you!
* * * LOW HITPOINT WARNING * * *
You block the four-headed hydra's attack. x2
The four-headed hydra bites you!
* * * LOW HITPOINT WARNING * * *
You see here a book of Battle.
The four-headed hydra bites you.
* * * LOW HITPOINT WARNING * * *
The four-headed hydra bites you!
You die...

##'##.# #.........#
#..### #.........# #..#
##......### ##?##
##....#### ####..####
#......#
##....:...####......#
#..........##.......#####
##.....D..###............
#......@..#........##...
#........##.............
#........##.............
#...>.....##.≈≈≈P≈..P..≈.
#............≈≈≈P≈PPPP≈≈.
##..........#≈≈P≈≈≈≈≈≈P≈≈
.........P# ≈≈PP≈≈P≈≈≈≈≈
##P###.####


PPP≈≈PP# ≈≈≈≈≈P≈ You could see a four-headed hydra.

Vanquished Creatures
  2 two-headed ogres
  2 cyclopes (D:11)
  A black mamba (Lair:1)
  A gargoyle (D:11)
  4 trolls
  3 hornets
  Grinder (D:5)
  6 hippogriffs
  Sigmund (D:2)
  A wraith (D:7)
  A wyvern (D:8)
  12 yaks
  Menkaure (D:4)
  A water moccasin (D:10)
  A swamp drake (D:10)
  4 orc warriors
  4 ice beasts
  3 sky beasts
  2 phantoms
  A necrophage (D:7)
  7 ogres
  8 centaurs
  3 crocodiles
  An elf zombie (D:7)
  A big kobold (D:11)
  3 bullfrogs
  A gnoll sergeant (D:9)
  2 scorpions
  7 killer bees
  5 wights (D:11)
  3 howler monkeys
  3 crimson imps
  A quasit (D:6)
  5 human zombies (D:7)
  5 orc priests
  3 jellies
  A centaur skeleton (D:6)
  4 bullfrog skeletons
  4 hounds
  10 orc wizards
  Jessica (D:2)
  A human skeleton (D:7)
  2 iguanas
  8 worker ants
  A hound zombie (D:11)
  2 mummies (D:7)
  A howler monkey zombie (D:10)
  4 gnolls
  A howler monkey skeleton (D:6)
  10 adders
  A shadow imp (D:10)
  2 adder skeletons
  A worm (D:5)
  3 leopard geckos
  45 orcs
  4 bats
  2 giant cockroaches (D:1)
  9 goblins
  8 hobgoblins
  15 jackals
  2 quokkas
  7 frilled lizards
  A jackal skeleton (D:4)
  16 kobolds
  An orc zombie (D:7)
  A quokka skeleton (D:9)
  2 quokka zombies
  4 rats
284 creatures vanquished.

Vanquished Creatures (others)
  A gnoll (D:10)
  4 toadstools (D:1)
5 creatures vanquished.

Grand Total: 289 creatures vanquished

Notes
Turn   | Place    | Note
-------+----------+-------------------------------------------
     0 | D:1      | diana the Ghoul Gladiator began the quest for the Orb.
     0 | D:1      | Reached XP level 1. HP: 17/17 MP: 0/0
    86 | D:1      | Reached XP level 2. HP: 19/25 MP: 1/1
   237 | D:1      | Reached skill level 4 in Unarmed Combat
   629 | D:2      | Noticed Jessica
   637 | D:2      | Killed Jessica
   637 | D:2      | Reached XP level 3. HP: 29/30 MP: 2/2
   701 | D:2      | Noticed Sigmund
   703 | D:2      | Lost intelligence.
   725 | D:2      | Killed Sigmund
   725 | D:2      | Reached skill level 6 in Unarmed Combat
   725 | D:2      | Reached XP level 4. HP: 9/40 MP: 3/3
   725 | D:2      | Reached XP level 5. HP: 10/46 MP: 4/4
  1350 | D:3      | Reached XP level 6. HP: 29/52 MP: 5/5
  1720 | D:3      | Found a basalt altar of Yredelemnul.
  2098 | D:4      | Reached skill level 7 in Unarmed Combat
  2410 | D:4      | Reached skill level 5 in Fighting
  2410 | D:4      | Reached XP level 7. HP: 60/60 MP: 6/6
  2516 | D:4      | Noticed Menkaure
  2523 | D:4      | Killed Menkaure
  2600 | D:4      | Reached skill level 8 in Unarmed Combat
  2882 | D:5      | Entered Level 5 of the Dungeon
  3141 | D:5      | Found a blossoming altar of Fedhas.
  3161 | D:5      | Noticed Grinder
  3165 | D:5      | Paralysed by Grinder for 7 turns
  3186 | D:5      | Paralysed by Grinder for 7 turns
  3195 | D:5      | Killed Grinder
  3195 | D:5      | Reached XP level 8. HP: 35/69 MP: 7/7
  3233 | D:5      | Found a bloodstained altar of Trog.
  3242 | D:5      | Found a staircase to the Ecumenical Temple.
  3273 | Temple   | Entered the Ecumenical Temple
  3364 | Temple   | Became a worshipper of Warmaster Okawaru
  3665 | D:5      | Reached skill level 9 in Unarmed Combat
  3827 | D:5      | Found a shattered altar of Ashenzari.
  3827 | D:5      | Found a glowing golden altar of the Shining One.
  3841 | D:6      | Found a runed gate.
  3841 | D:6      | Found a runed gate.
  3841 | D:6      | Found a runed gate.
  3848 | D:6      | Noticed bmj180's ghost (novice TrFi)
  4058 | D:6      | Noticed a yak
  4062 | D:6      | Noticed a yak
  4294 | D:6      | Found Neinyso's Magic Scroll Shoppe.
  4369 | D:6      | Reached * piety under Okawaru
  4369 | D:6      | Reached skill level 10 in Unarmed Combat
  4646 | D:6      | Noticed a yak
  4694 | D:7      | Reached skill level 1 in Invocations
  4694 | D:7      | Reached XP level 9. HP: 75/79 MP: 7/9
  4697 | D:7      | Found an ancient bone altar of Kikubaaqudgha.
  4839 | D:7      | Reached skill level 11 in Unarmed Combat
  5152 | D:7      | Reached ** piety under Okawaru
  5173 | D:7      | Found a sacrificial altar of Ru.
  6031 | D:8      | Reached skill level 12 in Unarmed Combat
  6537 | D:9      | Reached skill level 5 in Invocations
  6537 | D:9      | Reached XP level 10. HP: 74/82 MP: 12/12
  6704 | D:9      | Found a staircase to the Lair.
  6763 | D:9      | Reached *** piety under Okawaru
  7416 | D:8      | Reached skill level 13 in Unarmed Combat
  8107 | D:9      | Reached **** piety under Okawaru
  8260 | D:5      | HP: 2/84 [yak (7)]
  8513 | D:6      | Reached skill level 14 in Unarmed Combat
  8794 | D:10     | Entered Level 10 of the Dungeon
  8937 | D:10     | Reached skill level 1 in Armour
  8937 | D:10     | Reached skill level 1 in Shields
  8960 | D:10     | Reached ***** piety under Okawaru
  9202 | D:10     | Reached XP level 11. HP: 92/92 MP: 15/15
  9639 | D:10     | Found a burning altar of Makhleb.
  9724 | D:10     | Noticed a two-headed ogre
 10059 | D:10     | Received a gift from Okawaru
 10198 | D:10     | Found a staircase to the Orcish Mines.
 10432 | D:10     | Killed a two-headed ogre
 10659 | D:11     | Noticed a cyclops
 10667 | D:11     | Killed a cyclops
 10815 | D:11     | Reached skill level 5 in Dodging
 11186 | D:11     | Received a gift from Okawaru
 11625 | D:11     | Noticed a cyclops
 11634 | D:11     | Killed a cyclops
 11932 | D:11     | Noticed a two-headed ogre
 11939 | D:11     | Killed a two-headed ogre
 11939 | D:11     | Reached skill level 5 in Armour
 11939 | D:11     | Reached skill level 5 in Shields
 12280 | D:11     | Reached XP level 12. HP: 38/82 MP: 16/16
 12402 | Lair:1   | Entered Level 1 of the Lair of Beasts
 12711 | Lair:1   | Noticed a four-headed hydra
 12727 | Lair:1   | HP: 4/92 [four-headed hydra (4)]
 12727 | Lair:1   | Mangled by a four-headed hydra

Skill      XL: |  1  2  3  4  5  6  7  8  9 10 11 |
---------------+----------------------------------+-----
Unarmed Combat | 4 6 7 8 10 12 14 | 14.0
Fighting       | 3 4 5 6 7 |  7.1
Invocations    | 1 5 7 |  7.2
Armour         | 1 5 |  5.5
Dodging        | 3 6 |  6.3
Shields        | 1 5 |  5.5
Throwing       | |  1.7

Action                   |  1- 3 |  4- 6 |  7- 9 | 10-12 || total
-------------------------+-------+-------+-------+-------++-------
Melee: Unarmed           |    96 |   148 |   379 |   529 ||  1152
       Punch             |     3 |     1 |    14 |       ||    18
Invok: Heroism           |       |       |       |     2 ||     2
Evoke: Wand              |       |       |       |     1 ||     1
  Use: Potion            |     4 |     2 |     1 |     3 ||    10
       Scroll            |       |       |       |    12 ||    12
  Eat: Chunk             |     1 |    11 |    25 |    35 ||    72
       Ration            |       |       |       |     1 ||     1
Armor: Leather armour    |    33 |     3 |       |       ||    36
       Ring mail         |       |    56 |   130 |   158 ||   344
Dodge: Dodged            |    70 |    93 |   160 |   187 ||   510
Block: Other             |       |       |    11 |       ||    11
       Shield            |       |       |    22 |   297 ||   319
       Reflection        |       |       |       |    15 ||    15
